 Dungeon Crawl Stone Soup version 0.20-a0-700-gbd4582c (console) character file.

2197 nht the Grappler (level 9, -6/80 HPs)
             Began as a Troll Fighter on Feb 20, 2017.
             Was a Priest of Qazlal.
             Mangled by nht's ghost (24 damage)
             ... on level 6 of the Dungeon.
             The game lasted 00:06:16 (4087 turns).

nht the Grappler (Troll Fighter)                    Turns: 4087, Time: 00:06:17

Health: -6/80      AC:  5    Str: 29    XL:     9   Next: 12%
Magic:  8/8        EV:  8    Int:  4    God:    Qazlal [***...]
Gold:   328        SH: 13    Dex: 13    Spells: 8/8 levels left

rFire    . . .     SeeInvis .     - Unarmed
rCold    . . .     Gourm    +   a - +0 robe
rNeg     . . .     Faith    .   b - +0 shield
rPois    .         Spirit   .   (helmet restricted)
rElec    .         Reflect  .   (no cloak)
rCorr    .         Harm     .   (gloves unavailable)
MR       .....                  (boots unavailable)
Stlth    +.........             (no amulet)
Regen    0.7/turn               m - ring of flight
MPRegen  0.2/turn               k - +4 ring of dexterity

@: no status effects
A: unfitting armour, claws 3, fast metabolism 3, gourmand, regeneration 1,
shaggy fur 1, tough skin 2
a: Upheaval, Elemental Force, Renounce Religion, Evoke Flight


You were on level 6 of the Dungeon.
You worshipped Qazlal.
Qazlal was most pleased with you.
You were very full.

You visited 1 branch of the dungeon, and saw 6 of its levels.

You collected 328 gold pieces.

Inventory:

Hand Weapons
 C - the +4 flail of Evil {crush, Str+2 Int+4, unknown}
   (You found it on level 6 of the Dungeon)

   It inflicts extra damage upon your enemies.
   It affects your strength (+2).
   It affects your intelligence (+4).
Missiles
 y - 7 tomahawks (quivered)
 z - 4 large rocks
Armour
 a - a +0 robe (worn)
 b - a +0 shield (worn)
Jewellery
 k - a +4 ring of dexterity (left claw)
 m - a ring of flight (right claw)
 A - an uncursed amulet of faith
Wands
 q - a wand of random effects (15/48)
 D - a wand of polymorph (11/24)
Scrolls
 e - a scroll of recharging {unknown}
 h - a scroll of enchant weapon {unknown}
 j - 2 scrolls of remove curse
 l - 2 scrolls of amnesia {unknown}
 n - 2 scrolls of teleportation {unknown}
 o - 3 scrolls of blinking {unknown}
 p - 6 scrolls of identify
 r - a scroll of immolation
 v - a scroll of enchant armour {unknown}
Potions
 c - 2 potions of might
 s - a potion of cancellation {unknown}
 t - a potion of lignification {unknown}
 u - a potion of heal wounds {unknown}
 w - 2 potions of flight {unknown}
 x - 5 potions of curing
Books
 B - Riugaus's Tome of Stolen Souls and Dislocation
   (You found it on level 5 of the Dungeon)

   Spells                             Type                      Level
   a - Apportation                    Translocation                1
   b - Shroud of Golubria             Charms/Translocation         2
   c - Corpse Rot                     Necromancy                   2
   d - Passage of Golubria            Translocation                4
   e - Cigotuvi's Embrace             Necromancy                   5
   f - Simulacrum                     Ice/Necromancy               6
Comestibles
 d - 9 bread rations
 f - 6 meat rations
 g - 5 fruits
 i - 4 chunks of flesh


   Skills:
 - Level 2.4 Fighting
 - Level 2.4 Dodging
 - Level 2.4 Shields
 + Level 12.0 Unarmed Combat


You had 8 spell levels left.
You didn't know any spells.

Dungeon Overview and Level Annotations

Branches:
Dungeon (6/15)             Temple (0/1) D:6

Altars:
Ashenzari
Cheibriados
Fedhas Ieoh Jian
Kikubaaqudgha
Makhleb
Qazlal
Xom

Annotations:
D:5 2 runed doors
D:6 nht's ghost, novice TrFi


Innate Abilities, Weirdness & Mutations

You are too large for most types of armour.
You have claws for hands.
Your metabolism is lightning-fast.
You like to eat raw meat.
Your natural rate of healing is unusually fast.
You are covered in fur. (AC +1)
You have very tough skin. (AC +2)


Message History

Nht's ghost is heavily damaged.
You scratch nht's ghost.
Nht's ghost is heavily damaged.
Nht's ghost hits you!!
You scratch nht's ghost.
Nht's ghost is severely damaged.
You block nht's ghost's attack.
Your shield prevents you from hitting nht's ghost.
Nht's ghost is severely damaged.
Nht's ghost hits you!!
You claw nht's ghost!
Nht's ghost is severely damaged.
Nht's ghost hits you!!
* * * LOW HITPOINT WARNING * * *
You scratch nht's ghost but do no damage.
Nht's ghost is severely damaged.
As you read the scroll labeled XUYGYU TAEME, it crumbles to dust.
The creatures around you are filled with an inner flame!
It was a scroll of immolation.
Nht's ghost hits you!!
You die...

..█ █.███..█ ██.█.██
█.████.██...█ ██..██.███
█..██......█████..███....
█...............██ █..██
██.████..███████.██ █..█
████..█ █.██ █..███..██
█.....████.█ ██........█
████..██...██ █..███.....
██......§@██████.██ █.....
████...█...§.W.██..██ █..██.
█.....███.........██ █.█ █.
█████.█ █.........██ ██. █.█
█..........████..██.. █.█
█................█... ███████.█
█....................
█.......███....................
██████...██...........███......


You could see nht's ghost (inner flame).

Vanquished Creatures
  Pikel (D:5)
  The ghost of Vajrapani the Grappler, a novice VSMo of Elyvilon (D:5)
  A yak (D:5)
  Menkaure (D:6)
  Duvessa (D:4)
  A water moccasin (D:5)
  An orc warrior (D:6)
  3 slaves (D:4)
  2 ogres
  Dowan (D:4)
  A scorpion (D:4)
  A wight (D:5)
  A howler monkey (D:4)
  3 crimson imps
  A hound (D:4)
  An orc priest (D:4)
  3 orc wizards
  2 iguanas
  3 worker ants (D:5)
  A hound skeleton (D:6)
  2 worker ant zombies
  2 adders
  4 gnolls
  3 shadow imps (D:5)
  4 worms
  A dart slug (D:2)
  5 leopard geckos
  13 orcs
  5 giant cockroaches
  9 goblins
  8 hobgoblins
  12 jackals
  2 quokkas
  2 ball pythons
  7 bats
  9 frilled lizards
  11 kobolds
  5 rats
134 creatures vanquished.

Notes
Turn   | Place    | Note
-------+----------+-------------------------------------------
     0 | D:1      | nht the Troll Fighter began the quest for the Orb.
     0 | D:1      | Reached XP level 1. HP: 22/22 MP: 0/0
    95 | D:1      | Reached XP level 2. HP: 24/29 MP: 1/1
   171 | D:1      | Reached skill level 3 in Unarmed Combat
   476 | D:2      | Reached XP level 3. HP: 36/36 MP: 2/2
   695 | D:2      | Reached skill level 4 in Unarmed Combat
   935 | D:2      | Found a stormy altar of Qazlal.
  1114 | D:2      | Became a worshipper of Qazlal Stormbringer
  1333 | D:3      | Reached XP level 4. HP: 42/44 MP: 3/3
  1443 | D:3      | Reached * piety under Qazlal
  2075 | D:3      | Reached skill level 5 in Unarmed Combat
  2121 | D:4      | Reached XP level 5. HP: 45/50 MP: 4/4
  2143 | D:4      | Noticed Dowan
  2146 | D:4      | Noticed Duvessa
  2202 | D:4      | Killed Duvessa
  2202 | D:4      | Reached skill level 6 in Unarmed Combat
  2202 | D:4      | Reached XP level 6. HP: 28/59 MP: 5/5
  2346 | D:4      | Killed Dowan
  2346 | D:4      | Reached skill level 7 in Unarmed Combat
  2401 | D:4      | Reached ** piety under Qazlal
  2525 | D:4      | Reached XP level 7. HP: 49/66 MP: 6/6
  2600 | D:4      | Reached skill level 8 in Unarmed Combat
  2723 | D:4      | Found a stormy altar of Qazlal.
  2723 | D:4      | Found a blossoming altar of Fedhas.
  2728 | D:4      | Found a snail-covered altar of Cheibriados.
  2730 | D:4      | Found a shattered altar of Ashenzari.
  2731 | D:4      | Found an ancient bone altar of Kikubaaqudgha.
  2772 | D:4      | Found a burning altar of Makhleb.
  2775 | D:4      | Found an ornate altar of the Ieoh Jian Council.
  2779 | D:4      | Found a shimmering altar of Xom.
  2849 | D:5      | Entered Level 5 of the Dungeon
  2849 | D:5      | Noticed Pikel
  2925 | D:5      | Noticed Vajrapani's ghost (novice VSMo)
  3070 | D:5      | Found a large runed door.
  3070 | D:5      | Found a large runed door.
  3093 | D:5      | Found a large runed door.
  3093 | D:5      | Found a large runed door.
  3220 | D:5      | Killed Pikel
  3220 | D:5      | Reached skill level 10 in Unarmed Combat
  3220 | D:5      | Reached XP level 8. HP: 70/74 MP: 7/7
  3350 | D:5      | Killed Vajrapani's ghost
  3481 | D:5      | Reached skill level 11 in Unarmed Combat
  3509 | D:5      | Identified Riugaus's Tome of Stolen Souls and Dislocation
  3724 | D:6      | Found a staircase to the Ecumenical Temple.
  3737 | D:6      | Got a brightly glowing flail
  3795 | D:6      | Reached XP level 9. HP: 79/80 MP: 8/8
  3796 | D:6      | Noticed Menkaure
  3801 | D:6      | Killed Menkaure
  3863 | D:6      | Reached *** piety under Qazlal
  3866 | D:6      | Reached skill level 12 in Unarmed Combat
  4076 | D:6      | Noticed nht's ghost (novice TrFi)
  4087 | D:6      | Mangled by nht's ghost

Vault maps used:
D:1:      dpeg_arrival_simpleton_a
D:2:      nicolae_qazlal_eye_of_the_storm
D:4:      grunt_temple_overflow_diamond, chequers_temple_overflow_minitemple,
          first_bread, uniq_duvessa
D:5:      minmay_hollow_rounded_squares, uniq_pikel
D:6:      minmay_temple_entry_large_hall, lightli_orcish_oven, uniq_menkaure,
          uniq_edmund

Skill      XL: |  1  2  3  4  5  6  7  8  9 |
---------------+----------------------------+-----
Unarmed Combat | 3 4 5 6 7 10 11 12 | 12.0
Fighting       | |  2.4
Dodging        | |  2.4
Shields        | |  2.4

Action                   |  1- 3 |  4- 6 |  7- 9 || total
-------------------------+-------+-------+-------++-------
Melee: Unarmed           |   111 |   139 |   181 ||   431
  Use: Potion            |       |     3 |       ||     3
       Scroll            |       |       |     4 ||     4
 Stab: Sleeping          |     1 |       |       ||     1
  Eat: Chunk             |    18 |    11 |    14 ||    43
Armor: Robe              |    26 |    30 |    21 ||    77
Dodge: Dodged            |    24 |    44 |    31 ||    99
Block: Shield            |    46 |    71 |    88 ||   205
